 Dungeon Crawl Stone Soup version 0.30-a0-772-g5528072125 (webtiles) character file.

Game seed: 12737613381826553925

235 kingofthe the Sneak (level 6, -2/36 HPs)
             Began as an Octopode Fire Elementalist on Feb 12, 2023.
             Slain by an iguana (7 damage)
             ... on level 4 of the Dungeon.
             The game lasted 00:08:13 (4277 turns).

kingofthe the Sneak (Octopode Fire Elementalist)    Turns: 4277, Time: 00:08:14

Health: -2/36      AC:  1    Str:  7    XL:     6   Next: 6%
Magic:  1/10       EV: 14    Int: 17    God:
Gold:   197        SH:  0    Dex: 15    Spells: 5/11 levels left

rFire   . . .      SeeInvis .    j - +0 dagger (venom)
rCold   . . .      Faith    .    (no shield)
rNeg    + . .      Spirit   .    (helmet restricted)
rPois   .          Reflect  .    (no amulet)
rElec   .          Harm     .    u - ring of positive energy
rCorr   .          Rampage  .    (no ring)
Will    .....                    (no ring)
Stlth   ++++                     (no ring)
HPRegen 0.26/turn                (no ring)
MPRegen 0.12/turn                (no ring)
                                 (no ring)
                                 (no ring)

@: very slightly contaminated
A: almost no armour, amphibious, 8 rings, camouflage 1, gelatinous body 1,
(nimble swimmer 1), tentacles
a: no special abilities


You were on level 4 of the Dungeon.
You visited 1 branch of the dungeon, and saw 5 of its levels.

You collected 197 gold pieces.

Inventory:

Hand Weapons
 j - a +0 dagger of venom (weapon)
Magical Staves
 p - a staff of air
Jewellery
 u - a ring of positive energy (left tentacle)
Scrolls
 c - 2 scrolls of teleportation {unknown}
 g - a scroll of vulnerability {unknown}
 i - a scroll of magic mapping {unknown}
 l - 2 scrolls of identify {unknown}
 m - 2 scrolls of enchant armour {unknown}
 o - 3 scrolls of poison {unknown}
 q - 4 scrolls of brand weapon {unknown}
 r - a scroll of amnesia {unknown}
 s - a scroll of fog {unknown}
Potions
 a - a potion of magic
 b - a potion of lignification {unknown}
 d - 3 potions of curing {unknown}
 e - 3 potions of haste {unknown}
 f - 2 potions of heal wounds {unknown}
 h - a potion of mutation {unknown}
 k - 3 potions of brilliance {unknown}
 n - a potion of might {unknown}
 t - a potion of berserk rage {unknown}


   Skills:
 * Level 3.5 Dodging
 + Level 3.9 Stealth
 * Level 3.3 Spellcasting
 * Level 2.1 Conjurations
 + Level 1.2 Translocations
 * Level 3.7 Fire Magic


You had 5 spell levels left.
You knew the following spells:

 Your Spells              Type           Power      Damage    Failure   Level
a - Foxfire               Conj/Fire      48%        2x1d6     4%          1
b - Scorch                Fire           30%        2d7       5%          2
c - Apportation           Tloc           12%        N/A       11%         1
d - Blink                 Tloc           12%        N/A       16%         2

Your spell library contained the following spells:

 Spells                   Type           Power      Damage    Failure   Level
 Momentum Strike          Conj/Tloc      16%        3d8       13%         2
 Lesser Beckoning         Tloc           12%        N/A       16%         2
 Necrotise                Necr           8%         1d4       17%         1
 Summon Small Mammal      Summ           8%         N/A       17%         1
 Inner Flame              Hex/Fire       9%         N/A       24%         3
 Kindle Blastsparks       Fire/Tloc/Air  16%        2d11      26%         3
 Gell's Gravitas          Tloc           6%         N/A       30%         3
 Teleport Other           Tloc           6%         N/A       30%         3
 Flame Wave               Conj/Fire      12%        2d6       45%         4
 Summon Ice Beast         Ice/Summ       2%         N/A       86%         4
 Summon Mana Viper        Hex/Summ       2%         N/A       99%         5
 Summon Cactus Giant      Summ           1%         N/A       100%        6
 Monstrous Menagerie      Summ           1%         N/A       100%        7


Dungeon Overview and Level Annotations

Branches:
Dungeon (5/15)
 Temple: D:4-7

Altars:
Nemelex Xobeh
Okawaru
Uskayaw

Shops:
D:4 (

Annotations:
D:2 1 runed translucent door, Crazy Yiuf
D:4 Grinder


Innate Abilities, Weirdness & Mutations

You cannot wear most types of armour.
You are amphibious.
You can wear up to eight rings at the same time.
Your skin changes colour to match your surroundings (Stealth+).
Your rubbery body absorbs attacks. (AC +1, EV +1)
((You are camouflaged when in or above water. (Stealth+)))
You have tentacles for arms and can constrict up to eight enemies at once.


Message History

The iguana hisses angrily.
The foxfire hits the iguana but does no damage.
You conjure some foxfire!
The iguana bites you!
Casting: Foxfire (safe; 4% risk of failure)
Confirm with . or Enter, or press ? or * to list all spells.
You miscast Scorch.
Nothing appears to happen.
The foxfire hits the iguana.
The iguana is lightly wounded.
The foxfire hits the iguana but does no damage.
The iguana is lightly wounded.
The iguana bites you.
You conjure some foxfire!
The iguana barely misses you.
Casting: Foxfire (safe; 4% risk of failure)
Confirm with . or Enter, or press ? or * to list all spells.
Flames lash the iguana but do no damage.
The foxfire hits the iguana but does no damage.
The iguana is lightly wounded.
The foxfire hits the iguana.
The iguana is moderately wounded.
The iguana misses you.
You are out of magic!
The iguana bites you.
You climb upwards.
Level annotation: Grinder
There is a stone staircase leading down here.
You are now empty-tentacled.
The iguana misses you.
Your +0 dagger of venom begins to drip with poison!
j - a +0 dagger of venom (weapon)
You hit the iguana but do no damage. You grab the iguana.
You tentacle-slap the iguana, but do no damage.
Your squeeze misses the iguana.
The iguana is moderately wounded.
You constrict the iguana. The iguana bites you!
You hit the iguana.
The iguana is poisoned.
The iguana is heavily wounded.
You constrict the iguana, but do no damage.
The iguana bites you!
* * * LOW HITPOINT WARNING * * *
You release your grip on the iguana.
The iguana attacks as you move away! The iguana bites you!
You die...

#.## ##.............##.# #.#
##..<###########.# #.# ##'##
#.# #.# #.# #[# #.# #.# #.#
##.##########>## #.#
......##.......## #.#
##.##..........l##########.#
#.##..#.###....@..........#
#.........##..#############
####..#.#.##..# #..#.#.....#
#####.........##
......######### #######


You could see an iguana (poisoned).

Vanquished Creatures
  A howler monkey (D:5)
  A hound (D:4)
  A jelly (D:4)
  Jessica (D:3)
  A gnoll (D:1)
  4 adders
  A dart slug (D:1)
  3 orcs
  7 ball pythons
  10 endoplasms
  2 giant cockroaches
  6 goblins
  7 hobgoblins
  3 kobolds
  A quokka (D:4)
  6 bats
  2 frilled lizards (D:2)
  4 rats
61 creatures vanquished.

Vanquished Creatures (others)
  191 foxfires
191 creatures vanquished.

Grand Total: 252 creatures vanquished

Notes
Turn   | Place    | Note
-------+----------+-------------------------------------------
     0 | D:1      | kingofthe the Octopode Fire Elementalist began the quest
                  | for the Orb.
     0 | D:1      | Reached XP level 1. HP: 11/11 MP: 3/3
    45 | D:1      | Reached XP level 2. HP: 2/17 MP: 0/5
   540 | D:1      | Found a faded altar of an unknown god.
   645 | D:1      | Reached XP level 3. HP: 21/21 MP: 3/6
  1266 | D:2      | Learned a level 2 spell: Scorch
  1678 | D:2      | Reached XP level 4. HP: 27/27 MP: 4/7
  1790 | D:2      | Found a runed translucent door.
  1801 | D:2      | Noticed Crazy Yiuf
  2441 | D:3      | Noticed Jessica
  2446 | D:3      | Killed Jessica
  2486 | D:3      | Learned a level 1 spell: Apportation
  2528 | D:3      | Learned a level 2 spell: Blink
  2586 | D:3      | Found an iron altar of Okawaru.
  3034 | D:4      | Found Isialean's Antique Weapon Boutique.
  3038 | D:4      | Reached XP level 5. HP: 29/31 MP: 4/9
  3652 | D:4      | Noticed a +0 short sword
  3668 | D:4      | Reached skill level 1 in Translocations
  3714 | D:4      | Noticed a +0 spear
  3715 | D:4      | Noticed a +0 short sword
  3715 | D:4      | Noticed a +0 dagger
  3717 | D:4      | Noticed a +0 dagger
  3770 | D:4      | Noticed Grinder
  3799 | D:4      | Found a sparkling altar of Nemelex Xobeh.
  4145 | D:4      | Found a hide-covered altar of Uskayaw.
  4151 | D:4      | Noticed a +0 falchion
  4152 | D:4      | Noticed a +0 falchion
  4153 | D:4      | Noticed a +0 spear
  4239 | D:5      | Entered Level 5 of the Dungeon
  4242 | D:5      | Reached XP level 6. HP: 36/36 MP: 6/10
  4277 | D:4      | Slain by an iguana

Illustrated notes

Levels and vault maps discovered:
D:1:      nicolae_arrival_memento_mori, layout_basic,
          chequers_ecumenical_altar_island
D:2:      layout_basic, uniq_crazy_yiuf_cottage
D:3:      layout_basic, mainiacjoe_overflow_alcove_4, uniq_jessica
D:4:      kennysheep_big_flooded_room, layout_loops_corners,
          mainiacjoe_overflow_paths, nicolae_uskayaw_en_pointe, serial_shops,
          shop, uniq_grinder
D:5:      layout_cave_pools, mainiacjoe_overflow_concentric_impassable,
          mainiacjoe_overflow_alcove_2

Skill      XL: |  1  2  3  4  5 |
---------------+----------------+-----
Stealth        | 3 |  3.9
Dodging        | 3 |  3.5
Spellcasting   | 3 |  3.3
Conjurations   | 2 |  2.1
Translocations | 1 |  1.2
Fire Magic     | |  3.7

Action                     |  1- 3 |  4- 6 || total
---------------------------+-------+-------++-------
  Melee: Unarmed           |    10 |       ||    10
         Constrict         |     3 |     1 ||     4
         Staff             |       |     1 ||     1
         Dagger            |       |     2 ||     2
         Punch             |       |     1 ||     1
   Cast: Foxfire           |    61 |    52 ||   113
         Scorch            |     2 |    14 ||    16
  Dodge: Dodged            |     4 |     9 ||    13

Table legend: (Time is in decaauts)
 A = Elapsed time spent in this place.
 B = Non-inter-level travel time spent in this place.
 C = Inter-level travel time spent in this place.
 D = Time resting spent in this place.
 E = Time spent auto-exploring this place.
 F = Levels seen in this place.
 G = Mean time per level.
                   A        B        C        D        E       F      G
               +--------+--------+--------+--------+--------+-----+--------+
         Total |   4274 |   4211 |     63 |    103 |   3682 |   5 |  854.8 |
       Dungeon |   4274 |   4211 |     63 |    103 |   3682 |   5 |  854.8 |
               +--------+--------+--------+--------+--------+-----+--------+

Top non-repeatable levels by time:
     D:4: 1258 daAuts
     D:2: 1171 daAuts
     D:1: 970 daAuts
     D:3: 863 daAuts
     D:5: 11 daAuts
